 Dungeon Crawl Stone Soup version 0.27-a0-1280-g9d2d252d84 (webtiles) character file.

Game seed: 4778132864732048975

980 Johnny the Magician (level 7, -4/44 HPs)
             Began as a Deep Elf Earth Elementalist on June 13, 2021.
             Splashed by an oklob sapling's acid (12 damage)
             ... on level 4 of the Dungeon.
             The game lasted 00:06:09 (5696 turns).

Johnny the Magician (Deep Elf Earth Elementalist)   Turns: 5696, Time: 00:06:09

Health: -4/44      AC: -2    Str:  5    XL:     7   Next: 96%
Magic:  12/18      EV: 12    Int: 22    God:
Gold:   541        SH:  0    Dex: 15    Spells: 15/19 levels left

rFire    . . .     SeeInvis .   h - +1 dagger (drain)
rCold    . . .     Faith    .   (no shield)
rNeg     . . .     Spirit   .   c - +0 robe
rPois    .         Reflect  .   (no helmet)
rElec    .         Harm     .   (no cloak)
rCorr    .         Rampage  .   (no gloves)
Will     .....                  (no boots)
Stlth    ++........             (no amulet)
HPRegen  0.14/turn              (no ring)
MPRegen  0.16/turn              (no ring)

@: corroded, very slightly contaminated
A: no striking features
a: no special abilities


You were on level 4 of the Dungeon.
You visited 1 branch of the dungeon, and saw 4 of its levels.
You also visited: Sewer and Ossuary.

You collected 541 gold pieces.

Inventory:

Hand Weapons
 h - a +1 dagger of draining (weapon)
Missiles
 b - 5 stones
Armour
 c - a +0 robe (worn)
Jewellery
 o - a ring of fire
 s - an amulet of faith
Scrolls
 a - 2 scrolls of fog
 e - 2 scrolls of amnesia
 i - a scroll of vulnerability {unknown}
 j - a scroll of blinking {unknown}
 k - a scroll of torment {unknown}
 l - 5 scrolls of teleportation {unknown}
 n - a scroll of immolation {unknown}
 p - 2 scrolls of enchant armour {unknown}
 q - a scroll of magic mapping {unknown}
Potions
 m - 4 potions of flight
 r - a potion of curing
 t - a potion of brilliance


   Skills:
 * Level 5.3 Fighting
 - Level 2.4 Dodging
 - Level 2.4 Stealth
 + Level 6.5 Spellcasting
 - Level 1.1 Transmutations
 + Level 6.0 Earth Magic


You had 15 spell levels left.
You knew the following spells:

 Your Spells              Type           Power      Damage    Failure   Level
a - Sandblast             Erth           66%        2d15      1%          1
b - Stone Arrow           Conj/Erth      40%        3d9       8%          3

Your spell library contained the following spells:

 Spells                   Type           Power      Damage    Failure   Level
 Passwall                 Tmut/Erth      18%        N/A       3%          2
 Animate Skeleton         Necr           14%        N/A       9%          1
 Pain                     Necr           28%        1d5       9%          1
 Summon Small Mammal      Summ           28%        N/A       9%          1
 Call Imp                 Summ           7%         N/A       13%         2
 Petrify                  Tmut/Erth      22%        N/A       21%         4
 Lee's Rapid Deconstruct  Erth           16%        3d11*     21%         5
 Call Canine Familiar     Summ           7%         N/A       26%         3
 Summon Guardian Golem    Hex/Summ       7%         N/A       26%         3
 Vampiric Draining        Necr           3%         2d6       26%         3
 Animate Dead             Necr           3%         N/A       65%         4
 Summon Ice Beast         Ice/Summ       7%         N/A       65%         4
 Summon Lightning Spire   Summ/Air       7%         N/A       65%         4
 Agony                    Necr           7%         N/A       94%         5


Dungeon Overview and Level Annotations

Branches:
Dungeon (4/15)             Temple (0/1) D:4           Sewer (visited)
Ossuary (visited)

Altars:
Okawaru
Sif Muna
Zin

Shops:
D:3 :

Annotations:
D:4 exclusion: oklob sapling


Message History

You see here a +0 ring mail.
Partly explored, can't reach some places.
Partly explored, can't reach some places.
Partly explored, can't reach some places.
Partly explored, can't reach some places.
You see here a +0 club.
You see here a +0 mace.
Items here: ))) [.
You see here a +0 club.
There is a stone staircase leading down here.
You see here a +0 club.
Items here: ))) [.
You see here a +0 mace.
Really walk into a travel-excluded area?
Casting: Stone Arrow (dangerous; 8% risk of failure)
Confirm with . or Enter, or press ? or * to list all spells.
You don't know that spell.
Unknown command.
Casting: Stone Arrow (dangerous; 8% risk of failure)
Confirm with . or Enter, or press ? or * to list all spells.
Aiming: Stone Arrow (dangerous; 8% risk of failure)
Press: ? - help, Shift-Dir - straight line, f - oklob sapling
Aim: an oklob sapling (100% to hit)
You miscast Stone Arrow.
You are very lightly contaminated with residual magic.
Nothing appears to happen.
The oklob sapling spits acid at you. The splash of acid hits you!
The acid corrodes you!
You are splashed with acid!
Casting: Stone Arrow (dangerous; 8% risk of failure)
Confirm with . or Enter, or press ? or * to list all spells.
Aiming: Stone Arrow (dangerous; 8% risk of failure)
Press: ? - help, Shift-Dir - straight line, f/p - oklob sapling
Aim: an oklob sapling (100% to hit)
The stone arrow hits the oklob sapling!
The oklob sapling is heavily damaged.
The oklob sapling spits acid at you. The splash of acid hits you!
* * * LOW HITPOINT WARNING * * *
You are splashed with acid!
You die...

......#)#####....# #..#
......###...######## ##.##
............##.. .# #..#
............##.# #.## ##.#
............##.##...##
###.#
..........####.P.PP..#
#.#.. .........##
#...PPPP.# ##....
.......### #.P.PPP.P#
#..... .....### #..P@>PPP#
##..... ..#### #..PP..P.#
#.....# .## #...PPPP.#
#....## .## ##..P..P.P#
#...###
..##########.#....#####
##.##
#..........#..........##
###
#..#######.........[...##
#..#.....#..............#
#
#..#.....#.#............##
##


You could see an oklob sapling.

Vanquished Creatures
  2 phantoms (D:4)
  A kobold brigand (D:4)
  An elf zombie (Ossuary)
  A bullfrog (Sewer)
  A scorpion (D:4)
  A howler monkey (D:3)
  2 centaur zombies (Ossuary)
  A human zombie (Ossuary)
  5 orc priests
  A hound (D:4)
  An iguana (D:4)
  An orc wizard (D:3)
  2 mummies (Ossuary)
  A hound skeleton (D:4)
  6 adders
  An adder skeleton (D:4)
  A dart slug (D:1)
  13 orcs
  7 ball pythons
  8 endoplasms
  13 giant cockroaches
  2 gnoll zombies (Ossuary)
  6 goblins
  7 hobgoblins
  7 quokkas
  6 bats
  10 frilled lizards
  A goblin zombie (Ossuary)
  A hobgoblin zombie (Ossuary)
  6 kobolds
  5 orc zombies (Ossuary)
  5 rats
126 creatures vanquished.

Vanquished Creatures (others)
  A plant (D:4)
1 creature vanquished.

Grand Total: 127 creatures vanquished

Notes
Turn   | Place    | Note
-------+----------+-------------------------------------------
     0 | D:1      | Johnny the Deep Elf Earth Elementalist began the quest for
                  | the Orb.
     0 | D:1      | Reached XP level 1. HP: 10/10 MP: 6/6
   198 | D:1      | Reached XP level 2. HP: 16/16 MP: 5/8
   254 | D:1      | Reached skill level 1 in Fighting
   962 | D:1      | Reached XP level 3. HP: 17/20 MP: 10/10
  1397 | D:1      | Found a faded altar of an unknown god.
  2092 | D:3      | Reached XP level 4. HP: 16/26 MP: 11/11
  2329 | D:3      | Found Towk's Book Emporium.
  2514 | D:3      | Found an iron altar of Okawaru.
  2567 | D:3      | Reached XP level 5. HP: 17/31 MP: 8/13
  2849 | D:3      | Found a glowing silver altar of Zin.
  3023 | D:4      | Noticed a phantom
  3030 | D:4      | Killed a phantom
  3031 | D:4      | Reached XP level 6. HP: 37/37 MP: 8/15
  3090 | D:4      | Reached skill level 5 in Spellcasting
  3136 | D:4      | Found a sand-covered staircase.
  3144 | Ossuary  | Entered an ossuary
  3163 | Ossuary  | Reached skill level 5 in Earth Magic
  3290 | Ossuary  | Learned a level 3 spell: Stone Arrow
  3371 | Ossuary  | Reached XP level 7. HP: 41/43 MP: 8/17
  3580 | D:4      | Found a glowing drain.
  3594 | Sewer    | Entered a sewer
  4622 | D:4      | Found a staircase to the Ecumenical Temple.
  4626 | D:4      | Found a shimmering blue altar of Sif Muna.
  5103 | D:4      | Reached skill level 5 in Fighting
  5696 | D:4      | Splashed by an oklob sapling's acid

Illustrated notes

Levels and vault maps discovered:
D:1:      dpeg_arrival_water_temple_mockup, layout_basic,
          hellmonk_ecumenical_altar_heavens_door
D:2:      layout_rooms
D:3:      layout_rooms, zin_statuary, lemuel_crystal_altar, serial_shops, shop
D:4:      minmay_clustersquares, layout_cave_pods, amcnicky_altar_gilded,
          minmay_temple_entry_oklob, lightli_ossuary_entry_decrepit_ruins,
          gup_sewer_entry_pipe

Skill      XL: |  1  2  3  4  5  6  7 |
---------------+----------------------+-----
Fighting       | 1 2 3 4 5 |  5.3
Earth Magic    | 4 5 6 |  6.0
Spellcasting   | 4 5 6 |  6.5
Dodging        | |  2.4
Stealth        | |  2.4
Transmutations | |  1.1

Action                   |  1- 3 |  4- 6 |  7- 9 || total
-------------------------+-------+-------+-------++-------
Melee: Dagger            |   107 |     1 |   112 ||   220
 Cast: Sandblast         |    20 |    65 |    24 ||   109
       Stone Arrow       |       |     1 |    29 ||    30
  Use: Scroll            |       |     5 |     4 ||     9
       Potion            |       |       |     4 ||     4
 Stab: Sleeping          |     6 |       |       ||     6
       Distracted        |       |     1 |       ||     1
Armor: Robe              |    26 |     9 |    17 ||    52
Dodge: Dodged            |    72 |    14 |    72 ||   158

Table legend: (Time is in decaauts)
 A = Elapsed time spent in this place.
 B = Non-inter-level travel time spent in this place.
 C = Inter-level travel time spent in this place.
 D = Time resting spent in this place.
 E = Time spent auto-exploring this place.
 F = Levels seen in this place.
 G = Mean time per level.
                   A        B        C        D        E       F      G
               +--------+--------+--------+--------+--------+-----+--------+
         Total |   5788 |   5624 |    164 |   1171 |   3662 |   6 |  964.7 |
       Dungeon |   4734 |   4570 |    164 |    955 |   3006 |   4 | 1183.5 |
         Sewer |    701 |    701 |      0 |    120 |    466 |   1 |  701.0 |
       Ossuary |    352 |    352 |      0 |     96 |    189 |   1 |  352.0 |
               +--------+--------+--------+--------+--------+-----+--------+

Top non-repeatable levels by time:
     D:4: 1832 daAuts
     D:1: 1426 daAuts
     D:3: 849 daAuts
   Sewer: 701 daAuts
     D:2: 626 daAuts
 Ossuary: 352 daAuts
